 Dungeon Crawl Stone Soup version 0.23.1 (webtiles) character file.

Game seed: 16153145956090741897

6467 vishdafish the Carver (level 11, -13/96 (97) HPs)
             Began as a Naga Fighter on Mar 17, 2019.
             Was the Champion of Cheibriados.
             Killed from afar by a wizard (39 damage)
             ... with a crystal spear
             ... while paralysed by a wizard
             ... on level 10 of the Dungeon.
             The game lasted 00:12:16 (8607 turns).

vishdafish the Carver (Naga Fighter)                Turns: 8607, Time: 00:12:17

HP:   -13/96 (97)   AC: 19    Str: 38    XL:     11   Next: 0%
MP:   18/18         EV:  1    Int: 25    God:    Cheibriados [******]
Gold: 753           SH:  0    Dex: 25    Spells: 10/10 levels left

rFire    + . .     SeeInvis +   D - +1 long sword (protect)
rCold    + . .     Gourm    .   c - +0 shield
rNeg     . . .     Faith    .   b - +0 scale mail
rPois    +         Spirit   .   h - +0 helmet
rElec    +         Reflect  .   y - +2 cloak
rCorr    +         Harm     .   H - +0 pair of gloves
MR       +....                  (no barding)
Stlth    +.........             r - amulet of regeneration
HPRegen  0.66/turn              k - +2 ring of intelligence
MPRegen  0.16/turn              (no ring)

@: paralysed, resistant, protection aura, very slow
A: large, see invisible, deformed body, poison resistance, slowness 2, slow
metabolism 1, spit poison 1, AC +3
a: Spit Poison, Bend Time, Temporal Distortion, Slouch, Step From Time, Renounce
Religion


You were on level 10 of the Dungeon.
You worshipped Cheibriados.
Cheibriados was exalted by your worship.
You were not hungry.

You visited 2 branches of the dungeon, and saw 11 of its levels.

You collected 753 gold pieces.

Inventory:

Hand Weapons
 a - a +1 long sword
 D - a +1 long sword of protection (weapon)
Missiles
 I - 13 tomahawks (quivered)
Armour
 b - a +0 scale mail (worn)
 c - a +0 shield (worn)
 h - a +0 helmet (worn)
 y - a +2 cloak (worn)
 H - a +0 pair of gloves (worn)
Jewellery
 k - a +2 ring of intelligence (left hand)
 r - an amulet of regeneration (around neck)
 u - a cursed amulet of harm {unknown}
Wands
 o - a wand of random effects (30)
 z - a wand of acid (6)
 C - a wand of flame (40)
 F - a wand of paralysis (8)
Scrolls
 d - 4 scrolls of noise {unknown}
 g - 2 scrolls of fear {unknown}
 i - 3 scrolls of amnesia {unknown}
 j - 4 scrolls of teleportation
 m - 3 scrolls of enchant weapon
 n - 2 scrolls of remove curse {unknown}
 p - 2 scrolls of fog {unknown}
 q - 10 scrolls of identify {unknown}
 t - a scroll of blinking {unknown}
 A - a scroll of silence {unknown}
 B - a scroll of magic mapping {unknown}
 G - a scroll of immolation {unknown}
 J - a scroll of vulnerability {unknown}
 K - a scroll of enchant armour {unknown}
Potions
 e - 2 potions of agility
 l - 5 potions of lignification {unknown}
 s - 6 potions of degeneration {unknown}
 v - a potion of mutation {unknown}
 w - 2 potions of haste {unknown}
 x - a potion of might
 E - a potion of cancellation {unknown}
 L - a potion of resistance
Comestibles
 f - 21 rations


   Skills:
 - Level 6.0 Fighting
 * Level 11.2 Long Blades
 - Level 2.4 Armour
 - Level 2.4 Shields
 * Level 9.8 Invocations
 + Level 5.6 Evocations


You had 10 spell levels left.
You didn't know any spells.
Your spell library contained the following spells:

 Spells                   Type           Power        Failure   Level  Hunger
 Animate Skeleton         Necr           N/A          71%         1    ##.....
 Apportation              Tloc           #.....       71%         1    ##.....
 Confusing Touch          Hex            #.....       71%         1    ##.....
 Magic Dart               Conj           #...         71%         1    ##.....
 Summon Small Mammal      Summ           #...         71%         1    ##.....
 Searing Ray              Conj           #.....       83%         2    ###....
 Dazzling Spray           Conj/Hex       #.....       97%         3    ####...
 Force Lance              Conj/Tloc      #.......     100%        4    #####..
 Fulminant Prism          Conj/Hex       #.........   100%        4    #####..
 Iskenderun's Mystic Bla  Conj           #.......     100%        4    #####..


Dungeon Overview and Level Annotations

Branches:
Dungeon (10/15)            Temple (1/1) D:4            Lair (0/6) D:10
    Orc: D:9-12

Altars:
Ashenzari
Cheibriados
Dithmenos
Elyvilon
Fedhas
Gozag
Hepliaklqana
Kikubaaqudgha
Makhleb
Nemelex Xobeh
Okawaru
Qazlal
Ru
Sif Muna
Trog
Uskayaw
Vehumet
Wu Jian
Xom
Yredelemnul
Zin
The Shining One

Shops:
D:6 ([%%   D:7 *   D:9 [


Innate Abilities, Weirdness & Mutations

You cannot wear boots.
Your serpentine skin is tough. (AC +3)
You have supernaturally acute eyesight. (SInv)
Armour fits poorly on your strangely shaped body.
Your system is resistant to poisons. (rPois)
You cover ground very slowly.
You have a slow metabolism.
You can spit poison.


Message History

* * * LOW HITPOINT WARNING * * *
You block the wizard's attack.
You slash the wizard!
The wizard is severely wounded.
A wizard comes into view. It is wielding a +0 long sword.
Okay, then.
You feel protected. The wizard casts a spell at you.
You suddenly lose the ability to move!
The wizard casts a spell.
The wizard seems to speed up.
The wizard gestures wildly while chanting.
The wizard blinks!
The wizard hits you but does no damage.
The wizard mumbles some strange words.
The wizard blinks!
The orc knight hits you with a +0 long sword.
* * * LOW HITPOINT WARNING * * *
The wizard gestures at you while chanting.
The crystal spear hits you!!!
You die...

####....####.......
........# #..####.
........# #..# #.
........####..# #)
####..........# #) #
#..........# #. #..
#..........# #.
.....####...###[)..# #.
......ยง@....###.#..#
##.
.....)po.####..)..####..
#........##....)....##..
#........#......(....#..
#.p...............P..^..
..........)....>........
..............(.........
.........#.......PP..#..
##.........##..


You could see an orc knight and 2 wizards.

Vanquished Creatures
  Erica (D:10)
  Psyche (D:10)
  2 wargs (D:10)
  A water moccasin (D:7)
  5 orc warriors
  A hornet zombie (D:8)
  2 phantoms (D:7)
  2 black bears
  2 ice beasts
  2 necrophages (D:9)
  2 eyes of draining (D:3)
  2 centaurs (D:5)
  5 ogres
  2 big kobolds
  6 bullfrogs
  15 killer bees
  6 howler monkeys
  7 crimson imps
  2 jellies
  9 orc priests
  5 hounds
  10 orc wizards
  5 iguanas
  6 worker ants
  A killer bee zombie (D:7)
  2 hound zombies
  3 hound skeletons
  17 adders
  5 gnolls
  5 shadow imps
  An ooze (D:1)
  An adder zombie (D:6)
  An adder skeleton (D:6)
  3 worms
  A dart slug (D:3)
  5 leopard geckos
  40 orcs
  6 bats
  5 giant cockroaches
  5 goblins
  6 hobgoblins
  14 jackals
  12 kobolds
  2 quokkas
  A ball python (D:7)
  8 frilled lizards
  A quokka skeleton (D:9)
  7 rats
253 creatures vanquished.

Vanquished Creatures (others)
  4 toadstools (D:5)
4 creatures vanquished.

Grand Total: 257 creatures vanquished

Notes
Turn   | Place    | Note
-------+----------+-------------------------------------------
     0 | D:1      | vishdafish the Naga Fighter began the quest for the Orb.
     0 | D:1      | Reached XP level 1. HP: 21/21 MP: 1/1
   120 | D:1      | Reached XP level 2. HP: 4/28 MP: 2/2
   762 | D:1      | Reached skill level 3 in Long Blades
   762 | D:1      | Reached XP level 3. HP: 27/34 MP: 3/3
   937 | D:2      | Found a stormy altar of Qazlal.
  1089 | D:2      | Found a glowing golden altar of the Shining One.
  1452 | D:2      | Reached XP level 4. HP: 39/44 MP: 4/4
  1636 | D:3      | Reached skill level 4 in Long Blades
  1663 | D:3      | Noticed an ice beast
  1676 | D:3      | Killed an ice beast
  1676 | D:3      | Reached XP level 5. HP: 9/50 MP: 5/5
  2026 | D:3      | Found an ornate altar of the Wu Jian Council.
  2128 | D:3      | Found a deep blue altar of Sif Muna.
  2194 | D:3      | Reached skill level 5 in Long Blades
  2348 | D:3      | Found a bloodstained altar of Trog.
  2348 | D:3      | Noticed an eye of draining
  2349 | D:3      | Noticed an eye of draining
  2361 | D:3      | Reached XP level 6. HP: 47/58 MP: 0/6
  2372 | D:3      | Killed an eye of draining
  2383 | D:3      | Killed an eye of draining
  2619 | D:3      | Reached skill level 5 in Fighting
  2619 | D:3      | Reached skill level 6 in Long Blades
  2619 | D:3      | Reached XP level 7. HP: 32/67 MP: 7/7
  3065 | D:4      | Found a hide-covered altar of Uskayaw.
  3088 | D:4      | Found a staircase to the Ecumenical Temple.
  3097 | Temple   | Entered the Ecumenical Temple
  3315 | Temple   | Became a worshipper of Cheibriados the Contemplative
  3600 | D:4      | Reached * piety under Cheibriados
  3689 | D:4      | Reached skill level 1 in Invocations
  3694 | D:4      | Reached skill level 7 in Long Blades
  3874 | D:5      | Entered Level 5 of the Dungeon
  3907 | D:5      | Reached XP level 8. HP: 65/75 MP: 9/9
  4094 | D:5      | Reached ** piety under Cheibriados
  4452 | D:6      | Found an opulent altar of Gozag.
  4523 | D:6      | Reached skill level 8 in Long Blades
  4523 | D:6      | Reached skill level 1 in Evocations
  4637 | D:6      | Found Icisoweu's Food Shop.
  4658 | D:6      | Found a glowing silver altar of Zin.
  4722 | D:6      | Found Piul's Antique Armour Emporium.
  4770 | D:6      | Reached *** piety under Cheibriados
  4774 | D:6      | Reached skill level 5 in Invocations
  4825 | D:6      | Found Cytowkel's Antique Weapon Boutique.
  4842 | D:6      | Found Etewn's Food Emporium.
  4945 | D:6      | Reached XP level 9. HP: 57/82 MP: 12/12
  5275 | D:7      | Reached skill level 9 in Long Blades
  5306 | D:7      | Reached **** piety under Cheibriados
  5312 | D:7      | Found Hin Wiwifa's General Store.
  6275 | D:8      | Found a glowing silver altar of Zin.
  6336 | D:8      | Reached ***** piety under Cheibriados
  6338 | D:8      | Reached XP level 10. HP: 56/91 MP: 15/15
  6593 | D:8      | Reached skill level 10 in Long Blades
  7305 | D:9      | Found an ornate altar of the Wu Jian Council.
  7596 | D:9      | Found a burning altar of Makhleb.
  7626 | D:9      | Found a sparkling altar of Nemelex Xobeh.
  8020 | D:9      | Found Qyduec's Armour Shoppe.
  8221 | D:10     | Entered Level 10 of the Dungeon
  8309 | D:10     | Noticed Psyche
  8311 | D:10     | Reached skill level 5 in Evocations
  8313 | D:10     | Reached ****** piety under Cheibriados
  8318 | D:10     | Killed Psyche
  8488 | D:10     | Found a staircase to the Lair.
  8507 | D:10     | Reached skill level 11 in Long Blades
  8581 | D:10     | Noticed an orc knight
  8596 | D:10     | Noticed Erica
  8599 | D:10     | Noticed a wizard
  8600 | D:10     | Noticed a wizard
  8601 | D:10     | Killed Erica
  8601 | D:10     | Reached XP level 11. HP: 71/96 MP: 18/18
  8604 | D:10     | Noticed a wizard
  8605 | D:10     | Paralysed by a wizard for 7 turns
  8607 | D:10     | Killed from afar by a wizard

Skill      XL: |  1  2  3  4  5  6  7  8  9 10 |
---------------+-------------------------------+-----
Long Blades    | 3 4 5 6 7 8 9 11 | 11.2
Fighting       | 4 5 6 |  6.0
Invocations    | 2 5 7 9 |  9.8
Evocations     | 1 3 5 |  5.6
Armour         | |  2.4
Shields        | |  2.4

Action                   |  1- 3 |  4- 6 |  7- 9 | 10-12 || total
-------------------------+-------+-------+-------+-------++-------
Melee: Long sword        |   155 |   153 |   503 |   242 ||  1053
Evoke: Wand              |       |     1 |     1 |     7 ||     9
  Use: Potion            |       |     3 |     2 |     4 ||     9
       Scroll            |       |       |     2 |       ||     2
 Stab: Invisible         |       |       |       |     1 ||     1
  Eat: Chunk             |     1 |     3 |     7 |     5 ||    16
       Ration            |       |       |     1 |       ||     1
Armor: Scale mail        |    93 |    98 |   221 |   132 ||   544
Dodge: Dodged            |    45 |    46 |   101 |    65 ||   257
Block: Shield            |   104 |    79 |   315 |   175 ||   673
       Rpst.: Long sword |    15 |    15 |    43 |    18 ||    91
